 Dungeon Crawl Stone Soup version 0.18-a0-670-g393520a (webtiles) character file.

133 Arkorax the Skirmisher (level 5, -1/50 HPs)
             Began as a Naga Fighter on Dec 6, 2015.
             Slain by a phantom (7 damage)
             ... on level 4 of the Dungeon.
             The game lasted 00:06:06 (3486 turns).

Arkorax the Skirmisher (Naga Fighter)               Turns: 3486, Time: 00:06:06

Health: -1/50      AC:  6    Str: 19    XL:     5   Next: 16%
Magic:  5/5        EV:  5    Int:  8    God:
Gold:   100        SH:  9    Dex: 11    Spells: 0 memorised, 4 levels left

rFire  . . .     SeeInvis +     a - +0 trident
rCold  . . .     Clarity  .     b - +0 scale mail
rNeg   . . .     SustAt   .     c - +0 shield
rPois  +         Gourm    .     (no helmet)
rElec  .         Spirit   .     (no cloak)
rCorr  .         Dismiss  .     r - +0 pair of gloves
rMut   .         Stasis   .     (no barding)
MR     .....                    (no amulet)
Stlth  +.........               (no ring)
                                f - ring of stealth

@: very slow, not resistant to hostile enchantments, very unstealthy
A: see invisible, deformed body, poison resistance, slowness 2, slow metabolism
1, spit poison 2, AC +1
a: Spit Poison


You were on level 4 of the Dungeon.
You were hungry.

You visited 1 branch of the dungeon, and saw 4 of its levels.

You collected 100 gold pieces.

Inventory:

Hand Weapons
 a - a +0 trident (weapon)
 e - a +0 spear of venom
Armour
 b - a +0 scale mail (worn)
 c - a +0 shield (worn)
 r - a +0 pair of gloves (worn)
Jewellery
 f - a ring of stealth (left hand)
 y - an uncursed ring of sustain attributes {unknown}
 z - an uncursed ring of poison resistance {unknown}
Scrolls
 h - 3 scrolls of remove curse {unknown}
 k - 3 scrolls of amnesia {unknown}
 m - a scroll of recharging {unknown}
 n - 2 scrolls of enchant armour {unknown}
 q - a scroll of fear {unknown}
 s - a scroll of random uselessness {unknown}
 u - a scroll of magic mapping {unknown}
 v - 2 scrolls of teleportation {unknown}
 w - a scroll of fog {unknown}
 x - a scroll of noise {unknown}
Potions
 d - 2 potions of might
 g - 2 potions of lignification {unknown}
 i - a potion of haste {unknown}
 j - a potion of flight {unknown}
 l - a potion of mutation {unknown}
 o - 2 potions of agility {unknown}
 p - a potion of poison {unknown}
 t - a potion of brilliance {unknown}
Books
 B - an Akashic Record

   Spells                             Type                      Level
   a - Dispersal                      Translocation                6
   b - Malign Gateway                 Summoning/Translocation      7
   c - Disjunction                    Translocation                8
   d - Controlled Blink               Translocation                8
Comestibles
 A - 3 fruits


   Skills:
 + Level 4.2 Fighting
 + Level 3.3 Polearms
 - Level 2.4 Armour
 + Level 3.1 Shields


You had 4 spell levels left.
You didn't know any spells.

Dungeon Overview and Level Annotations

Branches:
Dungeon (4/15)
 Temple: D:4-7

Altars:


Innate Abilities, Weirdness & Mutations

You cannot wear boots.
Your serpentine skin is tough (AC +1).
You have supernaturally acute eyesight.
Armour fits poorly on your strangely shaped body.
Your system is resistant to poisons.
You cover ground very slowly.
You have a slow metabolism.
You can spit poison.


Message History

You hit the phantom but do no damage.
The phantom is severely damaged.
The phantom hits you!
* * * LOW HITPOINT WARNING * * *
You are too injured to fight recklessly!
You are too injured to fight recklessly!
You are too injured to fight recklessly!
You are too injured to fight recklessly!
A phantom is nearby!
You puncture the phantom!
The phantom is almost destroyed.
You block the phantom's attack.
You hit the phantom.
The phantom is almost destroyed.
The phantom hits you!
* * * LOW HITPOINT WARNING * * *
You hit the phantom.
The phantom is almost destroyed.
The phantom hits you!
You die...

..## #...### ..........#
##....... ..........
##.?...... ....(.....
##......... .........#
#..........
..........####..........
............##.........)..
...........##...@W........
...........##...#.........
...........##...#.........
............#...###.......
............#...## ###.###
............#....### ..#
............#......# ...
.......<....#......## ..
..W....†............#


You could see a phantom.

Vanquished Creatures
  A worker ant (D:4)
  2 adders
  3 oozes
  4 worms (D:2)
  2 giant geckos
  2 orcs (D:3)
  7 bats
  4 giant cockroaches
  7 goblins
  7 hobgoblins
  A quokka (D:2)
  A ball python (D:2)
  4 giant newts
  2 jackals (D:3)
  6 kobolds
  10 rats
63 creatures vanquished.

Notes
Turn   | Place    | Note
--------------------------------------------------------------
     0 | D:1      | Arkorax the Naga Fighter began the quest for the Orb.
     0 | D:1      | Reached XP level 1. HP: 21/21 MP: 1/1
   163 | D:1      | Reached XP level 2. HP: 24/28 MP: 2/2
   693 | D:2      | Reached XP level 3. HP: 10/34 MP: 3/3
  1432 | D:2      | Reached XP level 4. HP: 33/44 MP: 4/4
  2126 | D:2      | Reached skill level 4 in Fighting
  2925 | D:4      | Noticed a phantom
  3216 | D:4      | Reached XP level 5. HP: 27/50 MP: 5/5
  3486 | D:4      | Slain by a phantom

Vault maps used:
D:1:      arrival_zaba_pyramid, minmay_misc_feat_rows
D:3:      serial_glass, glass_columns_a, glass_columns_b, feat_on_display,
          minmay_strange_pillars, item_on_display_a, hangedman_decor_lopped,
          corexii_corridor_pit
D:4:      serial_shops, nicolae_shop_scaring_up_business, uniq_robin,
          uniq_natasha

Action                   |  1- 3 |  4- 6 || total
-------------------------+-------+-------++-------
Melee: Trident           |   130 |    90 ||   220
       Spear             |       |    63 ||    63
 Abil: Spit Poison       |     3 |     3 ||     6
  Eat: Chunk             |     1 |     1 ||     2
       Bread ration      |       |     1 ||     1
